 Dungeon Crawl Stone Soup version 0.18.1-50-g88ac8fd (webtiles) character file.

61 Holeefuk the Slasher (level 4, -5/35 HPs)
             Began as a Formicid Fighter on Sept 27, 2016.
             Slain by Terence
             ... wielding a +0 trident
              (7 damage)
             ... on level 2 of the Dungeon.
             The game lasted 00:01:34 (854 turns).

Holeefuk the Slasher (Formicid Fighter)              Turns: 854, Time: 00:01:34

Health: -5/35      AC:  8    Str: 21    XL:     4   Next: 27%
Magic:  4/4        EV:  2    Int:  7    God:
Gold:   50         SH:  9    Dex: 11    Spells: 0 memorised, 3 levels left

rFire  . . .     SeeInvis +     a - +0 long sword
rCold  . . .     Gourm    .     b - +0 scale mail
rNeg   . . .     Faith    .     c - +0 shield
rPois  .         Spirit   .     (helmet unavailable)
rElec  .         Dismiss  .     (no cloak)
rCorr  .         Reflect  .     (no gloves)
SustAt .         Harm     .     g - +0 pair of boots (curse)
MR     .....                    (no amulet)
Stlth  ..........               (no ring)
                                (no ring)

@: not resistant to hostile enchantments, extremely unstealthy
A: permanent stasis, dig shafts and tunnels, four strong arms, antennae 3
a: Dig, Shaft Self


You were on level 2 of the Dungeon.
You were not hungry.

You visited 1 branch of the dungeon, and saw 2 of its levels.

You collected 50 gold pieces.

Inventory:

Hand Weapons
 a - a +0 long sword (weapon)
Armour
 b - a +0 scale mail (worn)
 c - a +0 shield (worn)
 g - a cursed +0 pair of boots (worn)
Scrolls
 h - a scroll of amnesia {unknown}
 i - a scroll of noise {unknown}
Potions
 d - a potion of might
 e - a potion of lignification {unknown}
Comestibles
 f - a bread ration


   Skills:
 - Level 3.2 Fighting
 + Level 4.2 Long Blades
 - Level 3.2 Armour
 - Level 3.6 Shields


You had 3 spell levels left.
You didn't know any spells.

Dungeon Overview and Level Annotations

Branches:
Dungeon (2/15)

Altars:

Annotations:
D:2 Natasha, Terence


Innate Abilities, Weirdness & Mutations

You are under a permanent stasis effect.
You can dig through walls and to a lower floor.
Your four strong arms can wield two-handed weapons with a shield.
You have a pair of large antennae on your head (SInv).


Message History

The magic dart hits you!
* * * LOW HITPOINT WARNING * * *
The bat barely misses you.
Terence hits you from afar with a trident.
* * * LOW HITPOINT WARNING * * *
The bat hits you but does no damage. x2
The bat hits you but does no damage. The bat barely misses you.
The bat hits you but does no damage. The bat hits you but does no damage.
Terence says, "How do you enjoy it?" You block the bat's attack.
The bat hits you.
* * * LOW HITPOINT WARNING * * *
Natasha casts a spell. x2
The bat hits you but does no damage. x2
There is a stone staircase leading up here.
The bat hits you but does no damage.
Terence hits you from afar with a trident!
You die...

#.##.##..# #......
#.##.....####.......
#
#.###...{...h.......
+
#.###....####.......
#
#.......{...##......
#####.h####.# #.....
#..@####.# #...#
#..b..##†# #+##
#..@#.##.# #.# ###
###.#.##.# #.# #).
##.#.##.# ##.###.#
#.<.....# ##...##.#
#.......# #....†..#
#.......###.###.###
#......<....# #...#
#.......###.# #...#
#.......# #.....#.#


You could see Terence, Natasha and a bat.

Vanquished Creatures
  Natasha (D:2)
  A worm (D:2)
  2 bats
  2 giant cockroaches
  5 goblins
  5 hobgoblins
  4 jackals (D:2)
  4 giant newts
  4 kobolds (D:1)
  4 rats (D:1)
32 creatures vanquished.

Notes
Turn   | Place    | Note
--------------------------------------------------------------
     0 | D:1      | Holeefuk the Formicid Fighter began the quest for the Orb.
     0 | D:1      | Reached XP level 1. HP: 18/18 MP: 1/1
    90 | D:1      | Reached XP level 2. HP: 15/24 MP: 2/2
   219 | D:1      | Reached skill level 3 in Long Blades
   492 | D:1      | Reached XP level 3. HP: 29/29 MP: 3/3
   784 | D:2      | Noticed Natasha
   793 | D:2      | Killed Natasha
   793 | D:2      | Reached skill level 4 in Long Blades
   793 | D:2      | Reached XP level 4. HP: 30/35 MP: 4/4
   823 | D:2      | Noticed Terence
   844 | D:2      | Noticed Natasha
   854 | D:2      | Slain by Terence

Skill      XL: |  1  2  3 |
---------------+----------+-----
Long Blades    | 3 4 |  4.2
Fighting       | |  3.2
Armour         | |  3.2
Shields        | |  3.6

Action                   |  1- 3 |  4- 6 || total
-------------------------+-------+-------++-------
Melee: Long sword        |    98 |    22 ||   120
Armor: Scale mail        |    36 |    18 ||    54
Dodge: Dodged            |    29 |    17 ||    46
Block: Shield            |    45 |    13 ||    58
